 Dungeon Crawl Stone Soup version 0.19.1 (webtiles) character file.

66796 Haldmier the Grappler (level 14, -15/127 HPs)
             Began as a Troll Transmuter on Dec 24, 2016.
             Was the Champion of Kikubaaqudgha.
             Shot with an arrow by a centaur warrior (26 damage)
             ... on level 14 of the Dungeon.
             The game lasted 02:42:28 (23775 turns).

Haldmier the Grappler (Troll Transmuter)           Turns: 23775, Time: 02:42:29

Health: -15/127    AC: 18    Str: 21    XL:     14   Next: 80%
Magic:  19/20      EV:  9    Int: 18    God:    Kikubaaqudgha [******]
Gold:   192        SH:  0    Dex: 10    Spells: 7 memorised, 6 levels left

rFire  + + .     SeeInvis +       - Unarmed
rCold  . . .     Gourm    +     z - +1 fire dragon scales
rNeg   . . .     Faith    .     (no shield)
rPois  .         Spirit   .     q - +0 hat
rElec  .         Reflect  .     H - +2 cloak {rC+}
rCorr  .         Harm     .     (gloves unavailable)
MR     +....                    (boots unavailable)
Stlth  ..........               r - amulet of regeneration
                                X - ring of see invisible
                                S - +5 ring of intelligence

@: very slightly contaminated, invisible
A: unfitting armour, claws 3, fast metabolism 3, gourmand, regeneration 1,
shaggy fur 1, tough skin 2
a: Receive Corpses, Torment, Brand Weapon With Pain, Receive Necronomicon,
Renounce Religion


You were on level 14 of the Dungeon.
You worshipped Kikubaaqudgha.
Kikubaaqudgha was exalted by your worship.
You were very full.

You visited 4 branches of the dungeon, and saw 24 of its levels.
You also visited: Labyrinth and Ice Cave.

You collected 2642 gold pieces.
You spent 2450 gold pieces at shops.

Inventory:

Missiles
 a - 698 arrows
 b - 14 large rocks (quivered)
 O - 2 throwing nets
 P - 12 tomahawks of dispersal
Armour
 g - the +1 cloak "Tariript" {+Fly rF+ MR- Int+3}
   (You bought it in a shop on level 2 of the Orcish Mines)

   It affects your intelligence (+3).
   It protects you from fire.
   It affects your resistance to hostile enchantments.
   It lets you fly.
 q - a +0 hat (worn)
 z - +1 fire dragon scales (worn)
 H - a +2 cloak of cold resistance (worn)
Magical Staves
 n - an uncursed staff of energy
Rods
 D - a +3 rod of inaccuracy (11/11)
   (You found it in a labyrinth)
 R - a +2 rod of ignition (14/14)
   (You found it in a labyrinth)
Jewellery
 r - an amulet of regeneration (around neck)
 F - an uncursed ring of fire
 S - a +5 ring of intelligence (left claw)
 U - an uncursed ring of protection from cold
 X - a ring of see invisible (right claw)
Wands
 y - a wand of acid (5/15)
 B - a wand of iceblast (5/15)
 G - a wand of disintegration (18/24)
 Q - a wand of lightning (9/15)
 Z - a wand of flame (12/48)
Scrolls
 f - 7 scrolls of teleportation
 i - 2 scrolls of blinking
 k - a scroll of torment {unknown}
 v - 9 scrolls of remove curse
 E - a scroll of magic mapping
 Y - 4 scrolls of fog
Potions
 c - 4 potions of cancellation
 e - a potion of resistance
 l - 5 potions of lignification
 m - 3 potions of invisibility
 A - 2 potions of ambrosia
 C - 7 potions of curing
 L - a potion of haste
 T - 4 potions of might
Comestibles
 d - 13 bread rations
 h - 2 slices of pizza
 j - 5 chunks of flesh
 p - 9 meat rations
 u - 5 beef jerkies
 M - 13 fruits


   Skills:
 - Level 5.4 Fighting
 + Level 8.3 Armour
 - Level 5.7 Dodging
 - Level 13.2 Unarmed Combat
 + Level 5.3 Spellcasting
 - Level 1.7 Charms
 - Level 3.0 Necromancy
 + Level 11.2 Transmutations
 - Level 6.1 Ice Magic
 - Level 1.4 Air Magic


You had 6 spell levels left.
You knew the following spells:

 Your Spells              Type           Power        Failure   Level  Hunger
a - Beastly Appendage     Tmut           #####.       1%          1    None
b - Ice Form              Ice/Tmut       #####...     12%         4    ####...
c - Sticks to Snakes      Tmut           #####...     1%          2    #......
d - Animate Skeleton      Necr           N/A          14%         1    None
e - Blade Hands           Tmut           #####.....   12%         5    ######.
f - Repel Missiles        Chrm/Air       ##....       34%         2    #......
g - Swiftness             Chrm/Air       ##......     34%         2    #......


Dungeon Overview and Level Annotations

Branches:
Dungeon (15/15)            Temple (1/1) D:6            Lair (6/6) D:10
 Shoals (0/4) Lair:4       Spider (0/4) Lair:2          Orc (2/2) D:9
    Elf (0/3) Orc:2        Vaults (0/5) D:14
  Slime: Lair:5-6    Depths: D:15

Altars:
Ashenzari
Cheibriados
Dithmenos
Elyvilon
Fedhas
Gozag
Hepliaklqana
Kikubaaqudgha
Makhleb
Nemelex Xobeh
Okawaru
Qazlal
Ru
Sif Muna
Trog
Uskayaw
Vehumet
Xom
Yredelemnul
Zin
The Shining One
Beogh

Shops:
D:10 *   D:11 [   D:12 }   Orc:2 [*=(=

Annotations:
Lair:2 Calcoepas
Lair:4 exclusion: downstairs


Innate Abilities, Weirdness & Mutations

You are too large for most types of armour.
You have claws for hands.
Your metabolism is lightning-fast.
You like to eat raw meat.
Your natural rate of healing is unusually fast.
You are covered in fur. (AC +1)
You have very tough skin. (AC +2)


Message History

You regained 2 hp, and now have 15/127 hp.
Okay, then.
Press: ? - help, v - describe, . - travel
Here: a centaur warrior, wielding a short sword and wearing a robe (hasn't noticed you)
The floor.
You fade into invisibility!
The centaur warrior shouts!
You are very lightly contaminated with residual magic.
The centaur warrior shouts!
The centaur warrior unwields an uncursed short sword.
The centaur warrior wields a longbow.
The centaur warrior shoots an arrow.
The arrow hits you!
* * * LOW HITPOINT WARNING * * *
You see here an arrow.
You take 7 damage, and have 9/127 hp.
The centaur warrior shoots an arrow.
A bullfrog comes into view.
The centaur warrior shoots an arrow.
The arrow hits you!!
You die...
Kikubaaqudgha rasps: "You have failed me!
Welcome... death!"

.......##.....##...............#
#####...#######...c............#
# #...##..................#..## #
#...##........).........#(.ZZ #
#...##........>.........#.... #
#...##.F..))[.).........#....
#####............(..........#...#
.................(.............∩#
................@...............#
#####........##...##.......###..#
# #........##...##.......# #..# #
#........##...##.......# #..# #
#........##...##.......# #Z.# #
#........##...##.......# #..# #
#........##...##.Z.....# #..# #
#........##...##ZZ.....# #..# #
#........##....Z.......# #...


You could see a centaur warrior and a bullfrog (wandering).

Vanquished Creatures
  Kirke (Lair:4)
  An orc warlord (Orc:2)
  A reaper (IceCv)
  Nessos (Orc:2)
  A minotaur (Lab)
  Josephine (Orc:2)
  A vault guard (D:14)
  5 hydras
  4 centaur warriors
  3 orc high priests
  Nergalle (D:11)
  3 skeletal warriors
  A lindwurm (Lair:2)
  3 orc knights (Orc:2)
  7 hill giants
  A deep elf mage (Orc:2)
  4 orc sorcerers (Orc:2)
  6 ugly things
  4 cyclopes
  A manticore (Lair:4)
  A slime creature (D:14)
  2 elephants
  3 centaur zombies
  Joseph (D:8)
  2 black mambas
  2 ice statues (IceCv)
  Psyche (D:10)
  3 kobold demonologists (D:12)
  4 rime drakes
  6 spiny frogs
  A freezing wraith (D:15)
  3 komodo dragons
  6 ice devils (IceCv)
  A merfolk (D:10)
  4 trolls
  2 polar bears (Lair:4)
  A hornet (Lair:2)
  2 two-headed ogres
  10 hippogriffs
  3 shadows
  A hog (Lair:4)
  5 wraiths
  2 wyverns
  3 basilisks
  36 yaks
  3 hungry ghosts (Lab)
  9 vampire mosquitoes
  3 wargs (Orc:2)
  A mottled dragon (D:12)
  3 soldier ants
  5 water moccasins
  8 porcupines
  2 black bears
  26 orc warriors
  4 ice beasts
  2 sky beasts
  A phantom (D:3)
  2 necrophages (D:12)
  16 ogres
  16 centaurs
  3 eyes of draining
  6 wolves (Lair:4)
  7 crocodiles
  7 big kobolds
  19 bullfrogs
  6 scorpions
  7 killer bees
  8 wights
  3 electric eels
  The ghost of dscm the Sneak, a weakling OpEE (D:4)
  6 howler monkeys
  3 crimson imps
  5 jellies
  17 orc priests
  8 hounds
  8 centaur skeletons
  2 bullfrog skeletons
  4 iguanas
  23 orc wizards
  6 worker ants
  2 hound skeletons
  A howler monkey zombie (D:11)
  A worker ant zombie (D:5)
  10 gnolls
  17 adders
  7 shadow imps
  9 white imps (IceCv)
  5 ufetubi (IceCv)
  3 oozes
  2 worms
  A dart slug (D:1)
  7 leopard geckos
  45 orcs
  9 giant cockroaches
  7 goblins
  5 hobgoblins
  7 jackals
  6 quokkas
  A ball python (D:3)
  3 bats
  7 frilled lizards
  A jackal zombie (D:5)
  20 kobolds
  A quokka skeleton (D:8)
  A quokka zombie (D:5)
  7 rats
  3 plants (D:10)
593 creatures vanquished.

Vanquished Creatures (collateral kills)
  A cyclops (D:15)
  2 elephants (Lair:3)
  A black mamba (Lair:2)
  A hungry ghost (D:10)
  A basilisk (D:15)
  5 orc warriors
  4 centaurs
  3 crocodiles
  Blork the orc (Orc:2)
  2 bullfrogs
  An electric eel (Lair:3)
  A bullfrog zombie (D:6)
  3 orc priests
  2 orc wizards
  4 orcs
  3 kobolds
35 creatures vanquished.

Vanquished Creatures (others)
  A bullfrog (Lair:4)
  4 white imps (IceCv)
  3 ufetubi (IceCv)
  6 fungi
  A plant (Lair:2)
  10 toadstools (Lair:2)
25 creatures vanquished.

Grand Total: 653 creatures vanquished

Notes
Turn   | Place    | Note
-------+----------+-------------------------------------------
     0 | D:1      | Haldmier the Troll Transmuter began the quest for the Orb.
     0 | D:1      | Reached XP level 1. HP: 18/18 MP: 1/1
   167 | D:1      | Reached XP level 2. HP: 26/26 MP: 2/2
   728 | D:2      | Reached XP level 3. HP: 32/32 MP: 3/3
   976 | D:2      | Reached skill level 4 in Unarmed Combat
   983 | D:2      | Reached XP level 4. HP: 37/40 MP: 4/4
  1176 | D:2      | Learned a level 4 spell: Ice Form
  1668 | D:3      | Reached XP level 5. HP: 44/46 MP: 5/5
  1750 | D:3      | Reached skill level 1 in Ice Magic
  2108 | D:4      | Noticed a phantom
  2160 | D:3      | HP: 2/46 [phantom (9)]
  2161 | D:3      | Killed a phantom
  2161 | D:3      | Reached skill level 5 in Unarmed Combat
  2161 | D:3      | Reached XP level 6. HP: 3/54 MP: 6/6
  2450 | D:5      | Entered Level 5 of the Dungeon
  2482 | D:4      | Reached XP level 7. HP: 61/61 MP: 7/7
  2639 | D:4      | Noticed dscm's ghost (weakling OpEE)
  2647 | D:4      | Killed dscm's ghost
  2769 | D:4      | Learned a level 2 spell: Sticks to Snakes
  2771 | D:4      | Learned a level 1 spell: Animate Skeleton
  2932 | D:5      | Reached skill level 6 in Unarmed Combat
  2938 | D:5      | Reached skill level 1 in Necromancy
  3338 | D:5      | Reached XP level 8. HP: 68/68 MP: 8/8
  3795 | D:6      | Reached skill level 7 in Unarmed Combat
  4162 | D:6      | Found a staircase to the Ecumenical Temple.
  4359 | Temple   | Entered the Ecumenical Temple
  4394 | Temple   | Became a worshipper of Kikubaaqudgha
  4595 | D:6      | Reached skill level 5 in Transmutations
  4686 | D:6      | Reached XP level 9. HP: 75/75 MP: 7/9
  4807 | D:6      | Found a blossoming altar of Fedhas.
  5178 | D:7      | Reached skill level 8 in Unarmed Combat
  5252 | D:7      | Reached * piety under Kikubaaqudgha
  5252 | D:7      | Identified Kikubaaqudgha's Compendium of Darkness (Kikubaaqudgha gifted it to you on level 7 of the Dungeon)
  5252 | D:7      | Received a gift from Kikubaaqudgha
  5497 | D:7      | You fall through a shaft!
  5624 | D:7      | Reached skill level 5 in Ice Magic
  6099 | D:8      | Noticed Joseph
  6108 | D:8      | Killed Joseph
  6138 | D:8      | Reached ** piety under Kikubaaqudgha
  6291 | D:8      | Reached XP level 10. HP: 61/83 MP: 10/10
  6782 | D:9      | Found a staircase to the Orcish Mines.
  7234 | D:9      | Reached skill level 9 in Unarmed Combat
  7335 | Orc:1    | Entered Level 1 of the Orcish Mines
  7335 | Orc:1    | Found a radiant altar of Vehumet.
  7493 | Orc:1    | Reached *** piety under Kikubaaqudgha
  7493 | Orc:1    | Identified Kikubaaqudgha's Catalogue of Black Rituals (Kikubaaqudgha gifted it to you on level 1 of the Orcish Mines)
  7493 | Orc:1    | Received a gift from Kikubaaqudgha
  7539 | Orc:1    | Noticed an orc high priest
  7545 | Orc:1    | Noticed an orange demon
  7552 | Orc:1    | Killed an orc high priest
  7716 | Orc:2    | Entered Level 2 of the Orcish Mines
  7716 | Orc:2    | Noticed Josephine
  7863 | D:10     | Entered Level 10 of the Dungeon
  7958 | D:10     | Found a staircase to the Lair.
  7987 | Lair:1   | Entered Level 1 of the Lair of Beasts
  8132 | Lair:1   | Learned a level 5 spell: Blade Hands
  8525 | Lair:1   | Got a scorched flail
  8628 | Lair:1   | Reached XP level 11. HP: 68/89 MP: 13/13
  8904 | Lair:2   | Reached skill level 1 in Fighting
  8907 | Lair:2   | Reached skill level 10 in Unarmed Combat
  8919 | Lair:2   | Found a hole to the Spider Nest.
  9725 | Lair:2   | Found a runed door.
  9933 | Lair:2   | Noticed a lindwurm
  9933 | Lair:2   | Noticed a catoblepas
 10182 | Lair:2   | Killed a lindwurm
 10476 | Lair:3   | Noticed an eight-headed hydra
 10504 | Lair:3   | Reached **** piety under Kikubaaqudgha
 10581 | Lair:3   | Killed an eight-headed hydra
 10898 | Lair:1   | Identified a scroll of acquirement
 10940 | Lair:1   | Identified the +1 flail of Ocaock {flame, rF+ MR- Int+5 Stlth+} (You found it on level 1 of the Lair of Beasts)
 11020 | Lair:3   | Noticed a seven-headed hydra
 11028 | Lair:3   | Killed a seven-headed hydra
 11231 | Lair:3   | Reached skill level 11 in Unarmed Combat
 11313 | Lair:3   | Noticed a six-headed hydra
 11317 | Lair:3   | Killed a six-headed hydra
 11317 | Lair:3   | Reached XP level 12. HP: 105/105 MP: 10/16
 11725 | Lair:4   | You fall through a shaft for 2 floors!
 11725 | Lair:6   | Entered Level 6 of the Lair of Beasts
 11741 | Lair:6   | Noticed a four-headed hydra
 11784 | Lair:5   | Noticed a six-headed hydra
 11802 | Lair:5   | Killed a six-headed hydra
 12018 | Lair:4   | Found a staircase to the Shoals.
 12375 | Lair:4   | Noticed a six-headed hydra
 12385 | Lair:4   | Killed a six-headed hydra
 12542 | Lair:4   | Noticed Kirke
 12559 | Lair:4   | Killed Kirke
 12559 | Lair:4   | Reached skill level 10 in Transmutations
 12640 | Lair:4   | Reached skill level 12 in Unarmed Combat
 13023 | Lair:5   | Got a smoking mace
 13034 | Lair:5   | Noticed an acid blob
 13500 | Lair:1   | Identified the +10 mace "Wuwkadui" {drain, rF+ rC+ Int+4} (You found it on level 5 of the Lair of Beasts)
 13832 | D:10     | Reached ***** piety under Kikubaaqudgha
 13991 | D:10     | Noticed Psyche
 14003 | D:10     | Killed Psyche
 14052 | D:10     | Found Pampi's General Store.
 14060 | D:10     | Bought a scroll of identify for 34 gold pieces
 14426 | D:11     | Found Qucvore's Armour Boutique.
 14831 | D:11     | Noticed Nergalle
 14848 | D:11     | Killed Nergalle
 14848 | D:11     | Reached XP level 13. HP: 90/115 MP: 18/18
 15381 | D:12     | Found a snail-covered altar of Cheibriados.
 16006 | D:12     | Found Ynnunu's Gadget Emporium.
 16075 | D:12     | Reached skill level 5 in Dodging
 16933 | D:13     | Got a steaming halberd
 16934 | D:13     | Identified the cursed +0 halberd of Jopha {freeze, rPois rN+ Int+4} (You found it on level 13 of the Dungeon)
 17054 | Lair:1   | Learned a level 2 spell: Repel Missiles
 17057 | Lair:1   | Learned a level 2 spell: Swiftness
 17260 | Orc:2    | HP: 5/117 [orc/trident (5)]
 17633 | Orc:2    | Killed Josephine
 17678 | Orc:2    | Noticed Blork the orc
 17694 | Orc:2    | Killed Blork the orc
 17769 | Orc:2    | Noticed an orc warlord
 17958 | Orc:2    | Reached skill level 1 in Charms
 18059 | Orc:2    | Reached skill level 5 in Fighting
 18107 | Orc:2    | Killed an orc warlord
 18107 | Orc:2    | Reached skill level 13 in Unarmed Combat
 18107 | Orc:2    | Reached skill level 1 in Air Magic
 18232 | Orc:2    | Reached ****** piety under Kikubaaqudgha
 18348 | Orc:2    | Found a roughly hewn altar of Beogh.
 18423 | Orc:2    | Found Yphes's General Store.
 18428 | Orc:2    | Found Rasanit's Antique Weapon Shoppe.
 18430 | Orc:2    | Found Opoibli's Jewellery Shoppe.
 18434 | Orc:2    | Found Fawuot's Antique Armour Shoppe.
 18898 | Orc:2    | Noticed Nessos
 18911 | Orc:2    | Killed Nessos
 19091 | Orc:2    | Found a staircase to the Elven Halls.
 19310 | Orc:2    | Found Omoaf's Jewellery Boutique.
 19425 | Orc:2    | Bought shiny fire dragon scales for 2112 gold pieces
 19594 | Orc:2    | Reached skill level 1 in Armour
 20199 | D:13     | Reached XP level 14. HP: 120/127 MP: 20/20
 20812 | D:14     | Found a frozen archway.
 20837 | IceCv    | Entered an ice cave
 21099 | IceCv    | Noticed a reaper
 21107 | IceCv    | Killed a reaper
 21252 | D:14     | Reached skill level 5 in Armour
 21276 | D:14     | Found a labyrinth entrance.
 21289 | Lab      | Entered a labyrinth
 21482 | Lab      | Identified the Papyrus of the Five Dances
 21483 | Lab      | Got a warped iron ring
 21487 | Lab      | Identified the ring of Roigaon {*Tele rF+} (You found it in a labyrinth)
 21514 | Lab      | Identified a +2 rod of ignition (14/14) (You found it in a labyrinth)
 21517 | Lab      | Identified a +3 rod of inaccuracy (11/11) (You found it in a labyrinth)
 21624 | D:14     | HP: 6/127 [hound (2)]
 22233 | D:14     | Found a glowing golden altar of the Shining One.
 22309 | D:14     | Found a gate to the Vaults.
 22769 | Orc:2    | Bought a bloodstained cloak for 304 gold pieces
 22779 | Orc:2    | Identified the +1 cloak "Tariript" {+Fly rF+ MR- Int+3} (You bought it in a shop on level 2 of the Orcish Mines)
 23249 | D:14     | Reached skill level 5 in Spellcasting
 23351 | D:15     | Entered Level 15 of the Dungeon
 23667 | D:15     | Found a shimmering altar of Xom.
 23775 | D:14     | Shot with an arrow by a centaur warrior

Skill      XL: |  1  2  3  4  5  6  7  8  9 10 11 12 13 14 |
---------------+-------------------------------------------+-----
Transmutations | 2 3 4 5 6 8 9 10 11 | 11.2
Unarmed Combat | 4 5 6 7 8 9 11 12 13 | 13.2
Ice Magic      | 1 2 3 4 5 6 |  6.1
Necromancy     | 1 3 |  3.0
Spellcasting   | 2 3 4 5 |  5.3
Fighting       | 3 4 5 |  5.4
Dodging        | 3 4 5 |  5.7
Charms         | 1 |  1.7
Air Magic      | 1 |  1.4
Armour         | 1 8 |  8.3

Action                   |  1- 3 |  4- 6 |  7- 9 | 10-12 | 13-15 || total
-------------------------+-------+-------+-------+-------+-------++-------
Melee: Unarmed           |   102 |   131 |   346 |   602 |   850 ||  2031
       Punch             |     1 |     3 |    12 |    14 |    39 ||    69
       Kick              |     2 |     1 |    22 |    35 |    14 ||    74
       Headbutt          |       |     2 |    20 |    12 |    20 ||    54
       Mace              |       |       |       |    69 |       ||    69
 Fire: Shortbow          |       |       |    29 |       |       ||    29
Throw: Tomahawk          |       |       |     1 |       |       ||     1
 Cast: Beastly Appendage |     1 |     8 |    36 |    43 |    38 ||   126
       Animate Skeleton  |       |       |    25 |    48 |    64 ||   137
       Sticks to Snakes  |       |       |     2 |    10 |       ||    12
       Ice Form          |       |       |     1 |    27 |     4 ||    32
       Blade Hands       |       |       |       |     8 |    56 ||    64
Evoke: Wand              |       |       |     2 |    13 |       ||    15
  Use: Scroll            |       |       |    13 |    14 |    13 ||    40
       Potion            |       |       |     3 |     1 |     4 ||     8
 Stab: Sleeping          |     1 |     2 |     1 |     1 |       ||     5
       Distracted        |       |       |     1 |       |     2 ||     3
  Eat: Chunk             |    14 |    15 |    38 |    97 |   101 ||   265
       Meat ration       |       |       |       |       |     2 ||     2
       Royal jelly       |       |       |       |       |     1 ||     1
       Pizza             |       |       |       |       |     1 ||     1
Armor: Robe              |    28 |    40 |    96 |   107 |   101 ||   372
       Skin              |       |       |     1 |    31 |     8 ||    40
       Fire dragon scale |       |       |       |       |   223 ||   223
Dodge: Dodged            |    36 |    47 |   162 |   268 |   430 ||   943
Block: Large shield      |       |     9 |       |       |       ||     9
